 Dungeon Crawl Stone Soup version 0.30-a0-777-ga9a30cbeda (webtiles) character file.

Game seed: 6520596071090135464

2364 Flugslaktarn the Cleaver (level 9, -16/62 HPs)
             Began as an Octopode Fighter on Feb 13, 2023.
             Was an Initiate of Gozag.
             Demolished by a gnoll sergeant
             ... wielding a +0 trident
              (17 damage)
             ... on level 8 of the Dungeon.
             The game lasted 00:04:13 (8729 turns).

Flugslaktarn the Cleaver (Octopode Fighter)         Turns: 8729, Time: 00:04:13

Health: -16/62     AC:  1    Str: 15    XL:     9   Next: 44%
Magic:  9/9        EV: 14    Int: 16    God:    Gozag
Gold:   994        SH: 10    Dex: 16    Spells: 8/8 levels left

rFire   + . .      SeeInvis +    u - +0 war axe (freeze)
rCold   + . .      Faith    .    x - +0 kite shield
rNeg    . . .      Spirit   .    (helmet restricted)
rPois   +          Reflect  .    (no amulet)
rElec   .          Harm     .    c - ring of protection from cold
rCorr   .          Rampage  .    f - ring of protection from fire
Will    .....                    i - ring of see invisible
Stlth   ++                       o - ring of poison resistance
HPRegen 0.30/turn                s - +6 ring of intelligence
MPRegen 0.11/turn                (no ring)
                                 (no ring)
                                 (no ring)

@: about to teleport, gold aura
A: almost no armour, amphibious, 8 rings, camouflage 1, gelatinous body 1,
(nimble swimmer 1), tentacles
a: Renounce Religion, Potion Petition, Call Merchant, Bribe Branch


You were on level 8 of the Dungeon.
You worshipped Gozag.
Gozag was pleased with you.
You visited 2 branches of the dungeon, and saw 9 of its levels.

You collected 1065 gold pieces.
You paid 71 gold pieces to Gozag.

Inventory:

Hand Weapons
 d - a +1 demon trident of draining
   (You found it on level 5 of the Dungeon)
 u - a +0 war axe of freezing (weapon)
   (You found it on level 8 of the Dungeon)
Armour
 x - a +0 kite shield (worn)
   (You found it on level 8 of the Dungeon)
Jewellery
 c - a ring of protection from cold (left tentacle)
   (You found it on level 2 of the Dungeon)
 f - a ring of protection from fire (right tentacle)
   (You found it on level 6 of the Dungeon)
 h - a ring of fire
   (You found it on level 2 of the Dungeon)
 i - a ring of see invisible (on tentacle)
   (You found it on level 3 of the Dungeon)
 o - a ring of poison resistance (on tentacle)
   (You found it on level 6 of the Dungeon)
 s - a +6 ring of intelligence (on tentacle)
   (You found it on level 6 of the Dungeon)
Scrolls
 e - a scroll of fog
 k - 2 scrolls of poison
 l - 2 scrolls of amnesia
 m - a scroll of silence
 r - a scroll of identify
 t - a scroll of teleportation
 w - a scroll of fear {unknown}
 z - a scroll of blinking
Potions
 a - a potion of degeneration {unknown}
 g - 2 potions of brilliance
 j - 4 potions of flight
 n - a potion of resistance
 p - 2 potions of attraction {unknown}
 q - 2 potions of curing
 v - a potion of invisibility {unknown}


   Skills:
 + Level 6.2 Fighting
 * Level 8.1 Axes
 + Level 6.3 Dodging
 + Level 6.2 Shields


You had 8 spell levels left.
You didn't know any spells.
Your spell library contained the following spells:

 Spells                   Type           Power      Damage    Failure   Level
 Sandblast                Erth           0%         2d4       56%         1
 Slow                     Hex            0%         N/A       56%         1
 Passwall                 Tmut/Erth      0%         N/A       71%         2
 Confusing Touch          Hex            0%         N/A       90%         3
 Stone Arrow              Conj/Erth      0%         3d7       90%         3
 Vampiric Draining        Necr           0%         2d6       90%         3
 Malign Gateway           Summ/Tloc      0%         N/A       100%        7
 Summon Horrible Things   Summ           0%         N/A       100%        8


Dungeon Overview and Level Annotations

Branches:
Dungeon (8/15)             Temple (1/1) D:4
   Lair: D:8-11

Altars:
Fedhas
Gozag
Kikubaaqudgha
Makhleb
Nemelex Xobeh
Okawaru
Qazlal
Ru
Uskayaw
Vehumet
Xom
Yredelemnul

Annotations:
D:5 3 runed translucent doors, MCDelver's ghost, novice OpFE; gabibbone's ghost, novice VSFi
D:7 2 transporters, NigelTetley's ghost, novice VSFi
D:8 Eustachio


Innate Abilities, Weirdness & Mutations

You cannot wear most types of armour.
You are amphibious.
You can wear up to eight rings at the same time.
Your skin changes colour to match your surroundings (Stealth+).
Your rubbery body absorbs attacks. (AC +1, EV +1)
((You are camouflaged when in or above water. (Stealth+)))
You have tentacles for arms and can constrict up to eight enemies at once.


Message History

You miss Eustachio. Your grab misses Eustachio.
You squeeze Eustachio, but do no damage.
You hit the orc warrior. You freeze the orc warrior.
Eustachio zaps a wand.
The puff of flame misses you.
The orc warrior hits you with a +0 great sword!
You block Eustachio's attack.
The gnoll sergeant hits you from afar with a +0 trident!
You block the orc warrior's attack.
The orc warrior hits you with a +0 great sword!!
* * * LOW HITPOINT WARNING * * *
You are too injured to fight recklessly!
You are too injured to fight recklessly!
Eustachio attacks as you move away! You block Eustachio's attack.
You see here 5 stones.
Eustachio mumbles some strange words.
Unknown command.
As you read the scroll of teleportation, it crumbles to dust.
You feel strangely unstable. The quokka misses you.
The quokka attacks as you move away! The quokka misses you.
The quokka attacks as you move away! You block the quokka's attack.
Your surroundings suddenly seem different.
You start resting.
HP restored.
A gnoll sergeant is nearby!
A gnoll sergeant is nearby!
A gnoll sergeant is nearby!
Eustachio shouts!
The gnoll sergeant shouts!
You hear a shout!
The orc warrior shouts!
The orc warrior shouts!
You block the orc warrior's attack.
Eustachio zaps a wand.
The puff of flame hits you. You resist.
The orc warrior attacks as you move away!
You block the orc warrior's attack.
You hit the orc warrior. You freeze the orc warrior. You grab the orc warrior.
Your tentacle-slap misses the orc warrior.
The orc warrior is moderately wounded.
You constrict the orc warrior. The orc warrior misses you.
You hit the orc warrior but do no damage.
The orc warrior is moderately wounded.
You constrict the orc warrior. The orc warrior closely misses you.
Press: ? - help, v - describe, . - travel
Here: a gnoll sergeant, wielding a +0 trident, wearing a +0 chain mail and wearing a +0 kite shield The floor.
You hit the orc warrior but do no damage.
The orc warrior is moderately wounded.
You constrict the orc warrior.
Eustachio gestures wildly while chanting.
The orc warrior misses you. You block the orc warrior's attack.
You hit the orc warrior but do no damage.
You squeeze the orc warrior, but do no damage.
The orc warrior is heavily wounded.
You constrict the orc warrior.
The orc warrior hits you with a +0 great sword.
You slash the orc warrior! You freeze the orc warrior.
You kill the orc warrior!
Eustachio mumbles some strange words.
Eustachio blinks!
You aren't carrying any items that you can evoke.
Unknown command.
You closely miss the orc warrior. Your grab misses the orc warrior.
You block the orc warrior's attack.
The gnoll sergeant hits you from afar with a +0 trident!
You hit the orc warrior. You freeze the orc warrior. You grab the orc warrior.
The orc warrior is lightly wounded.
You constrict the orc warrior, but do no damage.
The orc warrior hits you with a +0 great sword!!
The gnoll sergeant hits you from afar with a +0 trident!
* * * LOW HITPOINT WARNING * * *
You feel better.
You constrict the orc warrior. You block the orc warrior's attack.
The gnoll sergeant hits you from afar with a +0 trident!
* * * LOW HITPOINT WARNING * * *
The bat is distracted by your dazzling golden aura.
As you read the scroll of teleportation, it crumbles to dust.
You feel strangely unstable.
You constrict the orc warrior. You block the gnoll sergeant's attack.
The orc warrior hits you with a +0 great sword!
* * * LOW HITPOINT WARNING * * *
Unknown command.
You hit the orc warrior but do no damage.
The orc warrior is moderately wounded.
You constrict the orc warrior.
The bat is no longer distracted by gold.
The orc warrior closely misses you.
The gnoll sergeant hits you from afar with a +0 trident.
* * * LOW HITPOINT WARNING * * *
You block the gnoll sergeant's attack. The orc warrior closely misses you.
Unknown command.
You hit the orc warrior. You freeze the orc warrior.
You squeeze the orc warrior, but do no damage.
The orc warrior is heavily wounded.
You constrict the orc warrior, but do no damage.
The orc warrior closely misses you. You block the gnoll sergeant's attack.
Unknown command.
You hit the orc warrior. You freeze the orc warrior.
The orc warrior is severely wounded.
You constrict the orc warrior. The orc warrior closely misses you.
The gnoll sergeant hits you from afar with a +0 trident!
You die...
Your body crumbles into a pile of gold.

########...o####.........####..<#
# ###.## ##.......## ##..# #####
#(### ##.....## ####.#
...)#*####...# ##...## #.....
###..#....?..# ##+## #.##.#
**,#....@.o# #.# #,*#..
*,#..###..# #.# *,*##.
*....#)#..#######.## #.###.
###..*##.@bgo@.....## #.....
#.......#####.....# #####.
#........,,*##...## ######.
*#####..**,* #..## #......
#.#*#.###.#######.#####
#.**#.............#
#.........######### ###########


You could see Eustachio, an orc warrior, a gnoll sergeant and a bat (summoned).

Vanquished Creatures
  A steam dragon (D:8)
  A black bear (D:4)
  A sky beast (D:6)
  2 orc warriors (D:8)
  An ice beast (D:7)
  3 ogres
  A centaur (D:5)
  A necrophage (D:6)
  2 bullfrogs
  A gnoll sergeant (D:8)
  2 scorpions
  3 wights (D:8)
  4 killer bees
  2 howler monkeys (D:7)
  A hound (D:6)
  5 orc priests
  A jelly (D:6)
  Jessica (D:3)
  4 iguanas
  Terence (D:2)
  3 orc wizards
  11 gnolls
  6 adders
  A shadow imp (D:6)
  A white imp (D:7)
  A worm (D:2)
  2 dart slugs
  11 orcs
  11 endoplasms
  A giant cockroach (D:1)
  5 hobgoblins
  4 jackals (D:4)
  5 kobolds
  6 quokkas
  8 ball pythons
  3 bats
  7 frilled lizards
  7 goblins
  8 rats
139 creatures vanquished.

Notes
Turn   | Place    | Note
-------+----------+-------------------------------------------
     0 | D:1      | Flugslaktarn the Octopode Fighter began the quest for the
                  | Orb.
     0 | D:1      | Reached XP level 1. HP: 16/16 MP: 1/1
   251 | D:1      | Reached XP level 2. HP: 21/21 MP: 2/2
   504 | D:1      | You fall into a shaft and drop 1 floor!
   533 | D:2      | Reached XP level 3. HP: 21/26 MP: 3/3
   709 | D:2      | Reached skill level 3 in Axes
   768 | D:2      | Reached XP level 4. HP: 31/31 MP: 4/4
   786 | D:2      | Found a faded altar of an unknown god.
  1136 | D:2      | Noticed Terence
  1143 | D:2      | Killed Terence
  2312 | D:3      | Noticed Jessica
  2320 | D:3      | Killed Jessica
  2321 | D:3      | Reached XP level 5. HP: 23/37 MP: 5/5
  2397 | D:3      | Found a shimmering altar of Xom.
  2808 | D:3      | Found a stormy altar of Qazlal.
  2811 | D:3      | Found a radiant altar of Vehumet.
  2811 | D:3      | Found a blossoming altar of Fedhas.
  2811 | D:3      | Found an ancient bone altar of Kikubaaqudgha.
  3002 | D:4      | Found a staircase to the Ecumenical Temple.
  3012 | Temple   | Entered the Ecumenical Temple
  3046 | Temple   | Became a worshipper of Gozag Ym Sagoz the Greedy
  3065 | D:4      | Reached skill level 4 in Axes
  3270 | D:4      | Noticed an ogre
  3279 | D:4      | Killed an ogre
  3280 | D:4      | Reached XP level 6. HP: 43/43 MP: 6/6
  3762 | D:4      | Noticed a black bear
  3767 | D:4      | Killed a black bear
  3768 | D:4      | Reached XP level 7. HP: 44/48 MP: 7/7
  4012 | D:5      | Entered Level 5 of the Dungeon
  4071 | D:5      | Reached skill level 5 in Axes
  4360 | D:5      | Found a runed translucent gate.
  4461 | D:5      | Found a runed translucent gate.
  4462 | D:5      | Found a runed translucent gate.
  4463 | D:5      | Noticed MCDelver's ghost (novice OpFE)
  4465 | D:5      | Noticed gabibbone's ghost (novice VSFi)
  5721 | D:6      | Reached XP level 8. HP: 53/54 MP: 8/8
  5736 | D:6      | Reached skill level 6 in Axes
  5736 | D:6      | Reached skill level 5 in Dodging
  5774 | D:6      | Reached skill level 5 in Fighting
  5774 | D:6      | Reached skill level 5 in Shields
  5988 | D:6      | Found a hide-covered altar of Uskayaw.
  6002 | D:6      | Found a sacrificial altar of Ru.
  6174 | D:6      | Found an iron altar of Okawaru.
  6447 | D:7      | HP: 1/55 [killer bee (9)]
  6731 | D:7      | Reached skill level 7 in Axes
  7110 | D:7      | Found a flagged portal.
  7184 | D:7      | Noticed a hornet
  7187 | D:7      | Found a transporter.
  7192 | D:7      | Found a transporter.
  7193 | D:7      | Noticed NigelTetley's ghost (novice VSFi)
  7522 | D:8      | Reached XP level 9. HP: 55/62 MP: 9/9
  8024 | D:8      | Reached skill level 8 in Axes
  8521 | D:8      | Noticed Eustachio
  8727 | D:8      | HP: 1/62 [gnoll sergeant/+0 trident (6)]
  8729 | D:8      | Demolished by a gnoll sergeant

Illustrated notes

Levels and vault maps discovered:
D:1:      sevenhm_arrival_forest_fort_small_5, layout_basic
D:2:      layout_basic, hellmonk_ecumenical_altar_lost_god, uniq_terence
D:3:      layout_loops_cross, mainiacjoe_overflow_boulevard,
          grunt_temple_overflow_open, kennysheep_flooded_box, uniq_jessica
D:4:      layout_loops_cross, minmay_temple_entry_grid, roderic_roman_lattice,
          grunt_decor_cap, hangedman_decor_peaks_small, nicolae_zen_rock_garden,
          nrook_mini_backslash
D:5:      layout_basic, gammafunk_ghost_cemetery, kb_lookout_dungeons_type
D:6:      layout_loops_ring, kennysheep_okawaru_gauntlet,
          mainiacjoe_overflow_big_doors
D:7:      layout_loops_ring, enter_bailey_5, gammafunk_ghost_hive,
          david_defended_altar_orc
D:8:      layout_loops_corners, serial_glass, glass_columns_a, glass_columns_a,
          st_stairs_14, sword_in_stone
Temple:   jpeg_temple_clearing

Skill      XL: |  1  2  3  4  5  6  7  8  9 |
---------------+----------------------------+-----
Axes           | 3 4 5 7 8 |  8.1
Fighting       | 4 5 6 |  6.2
Dodging        | 4 5 6 |  6.3
Shields        | 4 5 6 |  6.2

Action                     |  1- 3 |  4- 6 |  7- 9 || total
---------------------------+-------+-------+-------++-------
  Melee: War axe           |    35 |    98 |    51 ||   184
         Constrict         |    13 |    29 |    26 ||    68
         Tentacles         |    10 |    20 |    30 ||    60
         Punch             |       |     1 |     2 ||     3
         Demon trident     |       |       |   114 ||   114
    Use: Scroll            |       |     3 |    13 ||    16
         Potion            |       |     1 |     3 ||     4
   Stab: Sleeping          |     2 |     9 |    14 ||    25
 Armour: Skin              |     3 |     3 |     4 ||    10
  Dodge: Dodged            |    20 |    48 |    82 ||   150
  Block: Buckler           |     3 |    16 |    29 ||    48
         Kite shield       |       |       |    13 ||    13

Table legend: (Time is in decaauts)
 A = Elapsed time spent in this place.
 B = Non-inter-level travel time spent in this place.
 C = Inter-level travel time spent in this place.
 D = Time resting spent in this place.
 E = Time spent auto-exploring this place.
 F = Levels seen in this place.
 G = Mean time per level.
                   A        B        C        D        E       F      G
               +--------+--------+--------+--------+--------+-----+--------+
         Total |   8802 |   8537 |    265 |   1475 |   5948 |   9 |  978.0 |
       Dungeon |   8757 |   8514 |    243 |   1475 |   5932 |   8 | 1094.6 |
        Temple |     44 |     22 |     22 |      0 |     16 |   1 |   44.0 |
               +--------+--------+--------+--------+--------+-----+--------+

Top non-repeatable levels by time:
     D:5: 1550 daAuts
     D:8: 1263 daAuts
     D:1: 1177 daAuts
     D:7: 1143 daAuts
     D:2: 1031 daAuts
     D:4: 980 daAuts
     D:3: 829 daAuts
     D:6: 782 daAuts
  Temple: 44 daAuts
